 Dungeon Crawl Stone Soup version 0.28-a0-586-gbdb9d174a4 (webtiles) character file.

Game seed: 2786720686642868140

104 papapa55 the Conjurer (level 4, -2/19 HPs)
             Began as a Felid Conjurer on Oct 3, 2021.
             Slain by a centaur zombie (4 damage)
             ... on level 5 of the Dungeon.
             The game lasted 00:12:36 (5071 turns).

papapa55 the Conjurer (Felid Conjurer)              Turns: 5071, Time: 00:12:37

Health: -2/19      AC:  1    Str:  3    XL:     4   Next: 52%
Magic:  1/8        EV: 17    Int: 21    God:
Gold:   162        SH:  0    Dex: 14    Spells: 4/7 levels left
                                        Lives:  0   Deaths: 1

rFire   . . .      SeeInvis +   (weapon unavailable)
rCold   + . .      Faith    .   (shield unavailable)
rNeg    . . .      Spirit   .   (armour unavailable)
rPois   .          Reflect  .   (helmet unavailable)
rElec   .          Harm     .   (cloak unavailable)
rCorr   .          Rampage  .   (gloves unavailable)
Will    .....                   (boots unavailable)
Stlth   ++........              (no amulet)
HPRegen 0.06/turn               c - ring of protection from cold
MPRegen 0.11/turn               g - +4 ring of slaying

@: quick
A: very small, claws 1, fangs 3, see invisible, speed 1, shaggy fur 1, stealthy
paws, no weapons or thrown items, no armour, multi-lived
a: no special abilities


You were on level 5 of the Dungeon.
You visited 1 branch of the dungeon, and saw 5 of its levels.

You collected 162 gold pieces.

Inventory:

Jewellery
 c - a ring of protection from cold (left paw)
 g - a +4 ring of slaying (right paw)
Scrolls
 a - a scroll of teleportation {unknown}
 b - a scroll of magic mapping {unknown}
 j - a scroll of amnesia {unknown}
Potions
 d - a potion of flight
 e - 3 potions of might
 f - 2 potions of curing
 i - a potion of heal wounds
 k - a potion of haste {unknown}


   Skills:
 + Level 2.0 Fighting
 - Level 2.6 Dodging
 - Level 2.6 Stealth
 - Level 2.0 Spellcasting
 * Level 5.8 Conjurations


You had 4 spell levels left.
You knew the following spells:

 Your Spells              Type           Power      Damage    Failure   Level
a - Magic Dart            Conj           100%       1d8       1%          1
b - Searing Ray           Conj           52%        2d6       1%          2

Your spell library contained the following spells:

 Spells                   Type           Power      Damage    Failure   Level
 Dazzling Flash           Conj/Hex       28%        N/A       13%         3
 Fulminant Prism          Conj/Hex       7%         3d7       41%         4
 Iskenderun's Mystic Bla  Conj/Tloc      14%        2d5       41%         4


Dungeon Overview and Level Annotations

Branches:
Dungeon (5/15)
 Temple: D:4-7

Altars:
Qazlal
Ru
Trog
Yredelemnul
Zin

Annotations:
D:3 Eustachio
D:4 Dowan, Duvessa, Grinder


Innate Abilities, Weirdness & Mutations

You have sharp claws.
You have razor-sharp teeth.
You have supernaturally acute eyesight. (SInv)
You cover ground quickly. (Speed+)
You are covered in fur. (AC +1)
Your paws help you pounce on unaware monsters.
You are incapable of wielding weapons or throwing items.
You cannot wear armour.
You gain extra lives every three experience levels.


Message History

Confirm with . or Enter, or press ? or * to list all spells.
Aiming: Magic Dart (safe; 1% risk of failure)
Press: ? - help, Shift-Dir - straight line, f/p - centaur zombie
Aim: a centaur zombie (heavily damaged, 100% to hit)
The magic dart hits the centaur zombie but does no damage.
The centaur zombie is heavily damaged.
The centaur zombie misses you. The centaur zombie closely misses you.
Casting: Magic Dart (safe; 1% risk of failure)
Confirm with . or Enter, or press ? or * to list all spells.
You don't have enough magic to cast this spell.
Unknown command.
Casting: Magic Dart (safe; 1% risk of failure)
Confirm with . or Enter, or press ? or * to list all spells.
You don't have enough magic to cast this spell.
You scratch the centaur zombie.
The centaur zombie is heavily damaged.
The centaur zombie hits you. The centaur zombie misses you.
The centaur zombie closely misses you. x2
You scratch the centaur zombie.
The centaur zombie is severely damaged.
The centaur zombie barely misses you. The centaur zombie kicks you.
You scratch the centaur zombie but do no damage.
You bite the centaur zombie.
The centaur zombie is severely damaged.
The centaur zombie hits you.
* * * LOW HITPOINT WARNING * * *
The centaur zombie kicks you.
* * * LOW HITPOINT WARNING * * *
You barely miss the centaur zombie.
The centaur zombie is severely damaged.
The centaur zombie misses you. The centaur zombie closely misses you.
The centaur zombie misses you. The centaur zombie kicks you.
* * * LOW HITPOINT WARNING * * *
You scratch the centaur zombie.
The centaur zombie is severely damaged.
The centaur zombie barely misses you. The centaur zombie closely misses you.
You scratch the centaur zombie.
The centaur zombie is almost destroyed.
The centaur zombie hits you.
You die...

#....# #...#
#...## #..##
##..### #..#...##
#....##..##
#......#..#######
#...>...#@.......
#.......Z#.......
#........ ..#####
.......). ..#
#......... ..#
......... ...
........ ..##
....... ..#


You could see a centaur zombie.

Vanquished Creatures
  2 orc wizards (D:4)
  A hound zombie (D:3)
  Robin (D:3)
  An adder (D:3)
  An adder skeleton (D:3)
  13 orcs
  8 ball pythons
  4 endoplasms
  4 giant cockroaches
  14 goblins
  10 hobgoblins
  9 jackals
  2 quokkas
  A ball python zombie (D:3)
  6 bats
  5 frilled lizards
  10 kobolds
  8 rats
100 creatures vanquished.

Notes
Turn   | Place    | Note
-------+----------+-------------------------------------------
     0 | D:1      | papapa55 the Felid Conjurer began the quest for the Orb.
     0 | D:1      | Reached XP level 1. HP: 7/7 MP: 4/4
    25 | D:1      | Found a faded altar of an unknown god.
   208 | D:1      | Reached skill level 4 in Conjurations
   291 | D:1      | Reached XP level 2. HP: 11/11 MP: 3/6
  1301 | D:2      | Reached XP level 3. HP: 14/14 MP: 1/7
  1611 | D:2      | Learned a level 2 spell: Searing Ray
  2439 | D:3      | Found a glowing silver altar of Zin.
  2488 | D:3      | Found a sacrificial altar of Ru.
  2667 | D:3      | Reached skill level 5 in Conjurations
  2711 | D:3      | Found a stormy altar of Qazlal.
  2787 | D:3      | Reached XP level 4. HP: 18/18 MP: 2/8
  2838 | D:3      | Found a basalt altar of Yredelemnul.
  3449 | D:3      | Reached skill level 1 in Fighting
  3460 | D:3      | Noticed Robin
  3463 | D:3      | Killed Robin
  3734 | D:3      | Found a bloodstained altar of Trog.
  4045 | D:4      | Reached XP level 5. HP: 14/22 MP: 0/9
  4211 | D:4      | Noticed Eustachio
  4896 | D:3      | HP: 1/22 [white imp/puff of frost[Eustachio] (5)]
  5025 | D:4      | Noticed Duvessa
  5027 | D:4      | Noticed Dowan
  5036 | D:4      | Mangled by an iguana
  5037 | D:4      | Reached XP level 4. HP: -6/19 MP: 8/8
  5043 | D:4      | Noticed Grinder
  5047 | D:5      | Entered Level 5 of the Dungeon
  5071 | D:5      | Slain by a centaur zombie

Illustrated notes

Levels and vault maps discovered:
D:1:      dpeg_arrival_rooms_with_view, layout_basic,
          ebering_ecumenical_altar_sacrificial
D:2:      layout_loops_ring, minmay_misc_feat_secret_circle
D:3:      minmay_inner_zag, layout_basic, mainiacjoe_overflow_alcove_4,
          lemuel_zombie_altar_yredelemnul, lightli_temple_of_fire,
          marbit_many_paths, mainiacjoe_overflow_paths, hangedman_decor_lopped,
          uniq_robin
D:4:      layout_gridville, lemuel_tele_altar, kennysheep_mini, uniq_duvessa,
          uniq_grinder, uniq_eustachio
D:5:      layout_cave_pods, nemelex_xobeh_ov_fountains_minmay, corexii_shack,
          corexii_leaking_fountain, uniq_menkaure

Skill      XL: |  1  2  3  4  5 |
---------------+----------------+-----
Conjurations   | 4 5 |  5.8
Fighting       | 1 2 |  2.0
Dodging        | |  2.6
Stealth        | |  2.6
Spellcasting   | |  2.0

Action                   |  1- 3 |  4- 6 || total
-------------------------+-------+-------++-------
Melee: Unarmed           |     2 |     6 ||     8
       Bite              |       |     1 ||     1
 Cast: Magic Dart        |   104 |   106 ||   210
       Searing Ray       |       |     2 ||     2
  Use: Scroll            |       |     4 ||     4
Armor: Skin              |       |     2 ||     2
Dodge: Dodged            |     7 |    26 ||    33

Table legend: (Time is in decaauts)
 A = Elapsed time spent in this place.
 B = Non-inter-level travel time spent in this place.
 C = Inter-level travel time spent in this place.
 D = Time resting spent in this place.
 E = Time spent auto-exploring this place.
 F = Levels seen in this place.
 G = Mean time per level.
                   A        B        C        D        E       F      G
               +--------+--------+--------+--------+--------+-----+--------+
         Total |   4576 |   4421 |    155 |   1651 |   1765 |   5 |  915.2 |
       Dungeon |   4576 |   4421 |    155 |   1651 |   1765 |   5 |  915.2 |
               +--------+--------+--------+--------+--------+-----+--------+

Top non-repeatable levels by time:
     D:3: 2049 daAuts
     D:2: 1244 daAuts
     D:1: 905 daAuts
     D:4: 355 daAuts
     D:5: 21 daAuts
